 Dungeon Crawl Stone Soup version 0.30-a0-996-ga6910c8ee8 (webtiles) character file.

Game seed: 13528060736382528449

32 vishdafish the Conjurer (level 3, 0/21 (24) HPs)
             Began as a Demonspawn Conjurer on Apr 4, 2023.
             Slain by a gnoll
             ... wielding a +0 flail of draining
              (1 damage)
             ... on level 1 of the Dungeon.
             The game lasted 00:01:11 (1168 turns).

vishdafish the Conjurer (Demonspawn Conjurer)       Turns: 1168, Time: 00:01:12

HP:   0/21 (24)     AC:  2    Str:  7    XL:     3   Next: 10%
MP:   2/7           EV: 12    Int: 21    God:
Gold: 31            SH:  0    Dex: 11    Spells: 6/7 levels left

rFire   + . .      SeeInvis .    g - +1 dagger (pain)
rCold   + . .      Faith    .    (no shield)
rNeg    . . .      Spirit   .    a - +0 robe
rPois   +          Reflect  .    (no helmet)
rElec   +          Rampage  .    (no cloak)
rCorr   +                        (no gloves)
Will    .....                    (no boots)
Stlth   ++                       (no amulet)
HPRegen 0.23/turn                (no ring)
MPRegen 0.10/turn                (no ring)

@: resistant, heavily drained
A: hooves 1
a: no special abilities


You were on level 1 of the Dungeon.
You visited 1 branch of the dungeon, and saw 2 of its levels.

You collected 31 gold pieces.

Inventory:

Hand Weapons
 g - a +1 dagger of pain (weapon)
Armour
 a - a +0 robe (worn)
Scrolls
 d - a scroll of enchant armour {unknown}
 f - a scroll of amnesia {unknown}
Potions
 b - a potion of magic


   Skills:
 - Level 1.7 Dodging
 - Level 1.7 Stealth
 + Level 2.8 Spellcasting
 + Level 4.5 Conjurations


You had 6 spell levels left.
You knew the following spells:

 Your Spells              Type           Power      Damage    Failure   Level
a - Magic Dart            Conj           88%        1d7       2%          1

Your spell library contained the following spells:

 Spells                   Type           Power      Damage    Failure   Level
 Searing Ray              Conj           44%        2d6       3%          2
 Sting                    Tmut/Pois      8%         1d3       14%         1
 Dazzling Flash           Conj/Hex       24%        N/A       16%         3
 Poisonous Vapours        Pois/Air       4%         N/A       21%         2
 Fulminant Prism          Conj/Hex       6%         3d7       47%         4
 Iskenderun's Mystic Bla  Conj/Tloc      12%        2d5       47%         4
 Olgreb's Toxic Radiance  Pois           2%         N/A       80%         4


Dungeon Overview and Level Annotations

Branches:
Dungeon (2/15)

Altars:


Innate Abilities, Weirdness & Mutations

You have large cloven feet.


Message History

It was a potion of cancellation.
You feel magically purged. The jackal completely misses you.
The jackal misses you.
It was a potion of resistance.
You feel protected. The jackal completely misses you.
You are too injured to fight recklessly!
You are too injured to fight recklessly!
Aiming: Magic Dart (safe; 2% risk of failure)
Press: ? - help, Q - select action Shift-Dir - straight line, f - jackal
Aim: a jackal (100% to hit)
The magic dart hits the jackal.
The jackal is heavily wounded.
The jackal barely misses you.
Aiming: Magic Dart (safe; 2% risk of failure)
Press: ? - help, Q - select action Shift-Dir - straight line, f/p - jackal
Aim: a jackal (heavily wounded, 100% to hit)
The magic dart hits the jackal.
You kill the jackal!
The jackal misses you.
Aiming: Magic Dart (safe; 2% risk of failure)
Press: ? - help, Q - select action Shift-Dir - straight line, f - jackal
Aim: a jackal (100% to hit)
The magic dart hits the jackal!
You kill the jackal!
Unknown command.
Aiming: Magic Dart (safe; 2% risk of failure)
Press: ? - help, Q - select action Shift-Dir - straight line, f - gnoll
Aim: a gnoll, wielding a +0 flail of draining (100% to hit)
The magic dart hits the gnoll!
The gnoll is heavily wounded.
The gnoll misses you.
Aiming: Magic Dart (safe; 2% risk of failure)
Press: ? - help, Q - select action Shift-Dir - straight line, f/p - gnoll
Aim: a gnoll, wielding a +0 flail of draining (heavily wounded, 100% to hit)
The magic dart hits the gnoll but does no damage.
The gnoll is heavily wounded.
The gnoll hits you with a +0 flail of draining!
* * * LOW HITPOINT WARNING * * *
You feel drained.
You die...

####.......########.#### #(...
...........# #.....# #..##
...........# #..##.#### #..#.
...........# #..#.....###..#.
...........# #..#..##......#.
####.......# #..######..##.#. #
#####.#########..........##.#.
#####....#......##...######.##.#.
................@g>..# #.###.#.
#####....#......##...####### #.#.
# #....#......##.........###.#. #
######+#......##..###.....##.#. #
#.............##..# ##.##..#.#.
###.......########..# #..#..#.##
..........# #..# #...#.#...
..........# ####..# ##..#.####
..........# #.....# ##...##


You could see a gnoll.

Vanquished Creatures
  An adder (D:2)
  4 endoplasms (D:1)
  3 goblins (D:1)
  A hobgoblin (D:1)
  2 jackals (D:1)
  A quokka (D:1)
  3 ball pythons (D:1)
  2 bats (D:1)
  A frilled lizard (D:1)
  3 kobolds (D:1)
  A rat (D:1)
22 creatures vanquished.

Notes
Turn   | Place    | Note
-------+----------+-------------------------------------------
     0 | D:1      | vishdafish the Demonspawn Conjurer began the quest for the
                  | Orb.
     0 | D:1      | Reached XP level 1. HP: 13/13 MP: 3/3
   212 | D:1      | Gained mutation: You have large cloven feet. [demonic
                  | ancestry]
   212 | D:1      | Reached XP level 2. HP: 19/19 MP: 0/5
  1075 | D:2      | Reached XP level 3. HP: 24/24 MP: 1/7
  1168 | D:1      | HP: 1/22 [gnoll/+0 flail of draining (9)]
  1168 | D:1      | Slain by a gnoll

Illustrated notes

Levels and vault maps discovered:
D:1:      dpeg_arrival_round_c, layout_basic
D:2:      layout_basic, serial_bayou_crossing

Action                     || total
---------------------------++-------
  Melee: Unarmed           ||     8
         Dagger            ||     4
         Kick              ||     2
   Cast: Magic Dart        ||    50
    Use: Potion            ||     2
 Armour: Robe              ||     6
  Dodge: Dodged            ||    24

Table legend: (Time is in decaauts)
 A = Elapsed time spent in this place.
 B = Non-inter-level travel time spent in this place.
 C = Inter-level travel time spent in this place.
 D = Time resting spent in this place.
 E = Time spent auto-exploring this place.
 F = Levels seen in this place.
 G = Mean time per level.
                   A        B        C        D        E       F      G
               +--------+--------+--------+--------+--------+-----+--------+
         Total |   1170 |   1150 |     20 |     72 |    952 |   2 |  585.0 |
       Dungeon |   1170 |   1150 |     20 |     72 |    952 |   2 |  585.0 |
               +--------+--------+--------+--------+--------+-----+--------+

Top non-repeatable levels by time:
     D:1: 1156 daAuts
     D:2: 14 daAuts
